 Dungeon Crawl Stone Soup version 0.29-a0-234-g0dae59b3db (webtiles) character file.

Game seed: 13054171490578296852

108 enile the Poker (level 4, 0/60 HPs)
             Began as a Demigod Wanderer on Mar 3, 2022.
             Slain by an orc wizard
             ... wielding a +3 dagger
              (4 damage)
             ... on level 3 of the Dungeon.
             The game lasted 00:02:11 (2703 turns).

enile the Poker (Demigod Wanderer)                  Turns: 2703, Time: 00:02:12

Health: 0/60       AC:  2    Str: 10    XL:     4   Next: 33%
Magic:  8/8        EV: 10    Int: 20    God:
Gold:   138        SH:  4    Dex: 14    Spells: 4/5 levels left

rFire   . . .      SeeInvis .   a - +2 spear
rCold   . . .      Faith    .   b - +0 buckler
rNeg    + . .      Spirit   .   c - +0 robe
rPois   .          Reflect  .   (no helmet)
rElec   .          Harm     .   (no cloak)
rCorr   .          Rampage  .   (no gloves)
Will    +....                   (no boots)
Stlth   ..........              r - amulet of magic regeneration
HPRegen 0.20/turn               e - ring of positive energy
MPRegen 0.51/turn               f - ring of willpower

@: berserking, very quick
A: high MP 1, forlorn, divine attributes
a: no special abilities


You were on level 3 of the Dungeon.
You visited 1 branch of the dungeon, and saw 3 of its levels.

You collected 138 gold pieces.

Inventory:

Hand Weapons
 a - a +2 spear (weapon)
Armour
 b - a +0 buckler (worn)
 c - a +0 robe (worn)
Jewellery
 e - a ring of positive energy (left hand)
 f - a ring of willpower (right hand)
 m - a ring of willpower
 p - an amulet of guardian spirit
 r - an amulet of magic regeneration (around neck)
 u - an amulet of reflection
Scrolls
 d - a scroll of enchant weapon {unknown}
 g - 2 scrolls of identify {unknown}
 h - a scroll of acquirement {unknown}
 j - a scroll of silence {unknown}
 n - a scroll of vulnerability {unknown}
 o - a scroll of fear {unknown}
Potions
 i - 4 potions of curing {unknown}
 l - a potion of heal wounds {unknown}
 s - a potion of degeneration {unknown}
 t - a potion of might {unknown}


   Skills:
 - Level 4.0 Fighting
 - Level 4.6 Polearms
 + Level 1.4 Shields
 - Level 1.1 Spellcasting
 - Level 1.2 Fire Magic


You had 4 spell levels left.
You knew the following spells:

 Your Spells              Type           Power      Damage    Failure   Level
a - Foxfire               Conj/Fire      12%        2x1d4     19%         1

Your spell library contained the following spells:

 Spells                   Type           Power      Damage    Failure   Level
 Corpse Rot               Necr/Air       2%         N/A       34%         2
 Poisonous Vapours        Pois/Air       2%         N/A       34%         2
 Searing Ray              Conj           2%         2d4       34%         2
 Inner Flame              Hex/Fire       3%         N/A       47%         3
 Gell's Gravitas          Tloc           1%         N/A       56%         3
 Lesser Beckoning         Tloc           1%         N/A       56%         3
 Mephitic Cloud           Conj/Pois/Air  1%         N/A       56%         3
 Teleport Other           Tloc           1%         N/A       56%         3
 Hailstorm                Conj/Ice       1%         3d3       92%         4
 Silence                  Hex/Air        0%         N/A       99%         5
 Yara's Violent Unravell  Hex/Tmut       0%         3d3       99%         5


Dungeon Overview and Level Annotations

Branches:
Dungeon (3/15)


Innate Abilities, Weirdness & Mutations

You have an increased reservoir of magic. (+10% MP)
You shall have no god before yourself.
Your divine heritage dramatically boosts your attributes as you level up.


Message History

You block the orc's attack.
There are monsters nearby!
There are monsters nearby!
You hit the orc.
You kill the orc!
You hear some strange, mumbled words.
You are confused.
You are too confused!
You are too confused!
You bump into the rock wall.
You bump into the rock wall.
Something hits you.
You completely miss something. Something hits you.
You barely miss something. Something hits you.
You bump into the rock wall.
You feel less confused. Something hits you.
You hit something but do no damage.
You hear some strange, mumbled words.
A magic dart appears from out of thin air!
The magic dart hits you!
You miss something. You block something's attack.
You hit something. Something hits you.
* * * LOW HITPOINT WARNING * * *
It was a potion of cancellation.
You feel magically purged.
You hear some strange, mumbled words.
A magic dart appears from out of thin air!
The magic dart hits you.
* * * LOW HITPOINT WARNING * * *
It was a potion of berserk rage.
A red film seems to cover your vision as you go berserk!
You feel yourself moving faster!
You feel mighty!
You hear some strange, mumbled words.
A magic dart appears from out of thin air!
The magic dart hits you.
* * * LOW HITPOINT WARNING * * *
You puncture something! You closely miss something. Something hits you.
* * * LOW HITPOINT WARNING * * *
You miss something. Something hits you.
You die...

### ..# #.# #.# #.#
#.# ##
#.###.##.#...########
............$.o{@.[.#
..###.######.######.#
..###.## #.# .......#
#.## .####..# #..#
..# ..# ### ##.# ..#
... ..#.# #.# †.# #.#
#.#.# #.# ..# #.#
#.#.# #.#


You could see an orc.

Vanquished Creatures
  6 adders (D:2)
  A worm (D:2)
  A dart slug (D:1)
  2 orcs (D:3)
  A ball python (D:1)
  2 bats
  4 endoplasms
  7 giant cockroaches
  4 goblins
  3 hobgoblins
  2 quokkas (D:3)
  3 frilled lizards (D:1)
  5 kobolds
  4 rats
45 creatures vanquished.

Vanquished Creatures (others)
  152 foxfires
152 creatures vanquished.

Grand Total: 197 creatures vanquished

Notes
Turn   | Place    | Note
-------+----------+-------------------------------------------
     0 | D:1      | enile the Demigod Wanderer began the quest for the Orb.
     0 | D:1      | enile set off with the following items: a +2 spear, a +0
                  | buckler, a +0 robe; and the following spell memorised:
                  | Foxfire; and the following spells available to memorise:
                  | Inner Flame
     0 | D:1      | Reached XP level 1. HP: 17/17 MP: 4/4
   269 | D:1      | Got the Collected Works on Ensnaring Attacks
   345 | D:1      | Reached XP level 2. HP: 24/24 MP: 3/6
  1492 | D:2      | Reached XP level 3. HP: 29/30 MP: 7/7
  2107 | D:2      | Reached XP level 4. HP: 40/40 MP: 3/8
  2703 | D:3      | Slain by an orc wizard

Illustrated notes

Levels and vault maps discovered:
D:1:      shiori_arrival_maze, layout_basic, hellmonk_ecumenical_altar_zigzags
D:2:      layout_rooms, minmay_stone_trees_small
D:3:      layout_loops_ring, uniq_ijyb

Skill      XL: |  1  2  3  4 |
---------------+-------------+-----
Fighting       | 2 3 4 |  4.0
Polearms       | |  4.6
Shields        | |  1.4
Spellcasting   | |  1.1
Fire Magic     | |  1.2

Action                   |  1- 3 |  4- 6 || total
-------------------------+-------+-------++-------
Melee: Spear             |    29 |    39 ||    68
 Cast: Foxfire           |    76 |    11 ||    87
  Use: Potion            |       |     2 ||     2
 Stab: Sleeping          |     1 |     1 ||     2
Armor: Robe              |    10 |     4 ||    14
Dodge: Dodged            |    21 |     6 ||    27
Block: Buckler           |     5 |     4 ||     9

Table legend: (Time is in decaauts)
 A = Elapsed time spent in this place.
 B = Non-inter-level travel time spent in this place.
 C = Inter-level travel time spent in this place.
 D = Time resting spent in this place.
 E = Time spent auto-exploring this place.
 F = Levels seen in this place.
 G = Mean time per level.
                   A        B        C        D        E       F      G
               +--------+--------+--------+--------+--------+-----+--------+
         Total |   2696 |   2675 |     21 |    235 |   2040 |   3 |  898.7 |
       Dungeon |   2696 |   2675 |     21 |    235 |   2040 |   3 |  898.7 |
               +--------+--------+--------+--------+--------+-----+--------+

Top non-repeatable levels by time:
     D:2: 1286 daAuts
     D:1: 1256 daAuts
     D:3: 153 daAuts
